Map: Jagannatha LE

Players

PartinG

  • Race: Protoss Protoss
  • League: Grandmaster
  • Spawn Location: 7:00

JinairRogue (Rogue) - Winner!

  • Race: Zerg Zerg
  • Spawn Location: 1:00

Event: ASUS ROG Online 2020

VOD

https://youtu.be/8jJ9xOcuGxM

Description

Time

  • Played on: Nov. 27, 2020, 9:04 a.m.
  • Length: 9:13

All games in this series

Show
View Real Time Build Order
Export as new Build Order

PartinG Protoss 

Build Orders: 1 Gate Expand 

Get SALT Encoding   

  12  0:00  Probe  
  13  0:12  Probe  
  14  0:20  Pylon  
  14  0:24  Probe  
  14  0:27  Assimilator  
  15  0:38  Probe (Chrono Boost)  
  16  0:44  Gateway  
  16  0:48  Probe (Chrono Boost)  
  17  0:53  Probe (Chrono Boost)  
  18  1:04  Probe  
  19  1:16  Probe  
  20  1:24  Nexus  
  20  1:33  Cybernetics Core  
  20  1:36  Probe (Chrono Boost)  
  21  1:43  Pylon  
  22  1:48  Probe (Chrono Boost)  
  22  1:53  Probe (Chrono Boost)  
  23  2:03  Probe  
  23  2:07  Stalker (Chrono Boost)  
  24  2:09  Warp Gate  
  26  2:16  Robotics Facility  
  26  2:20  Probe  
  27  2:29  Adept  
  29  2:35  Probe (Chrono Boost)  
  29  2:36  Probe (Chrono Boost)  
  31  2:44  Gateway  
  31  2:45  Probe (Chrono Boost)  
  31  2:48  Probe (Chrono Boost)  
  31  2:50  Probe (Chrono Boost)  
  33  2:56  Pylon, Probe  
  35  3:02  Immortal (Chrono Boost)  
  39  3:11  Gateway  
  39  3:15  Gateway  
  39  3:18  Probe  
  40  3:23  Gateway  
  40  3:30  Warp Prism (Chrono Boost), Assimilator  
  42  3:37  Gateway  
  42  3:45  Gateway  
  42  3:52  Gateway  
  42  3:54  Pylon  
  42  3:57  Zealot x2  
  46  4:09  Zealot, Pylon  
  48  4:10  Zealot  
  50  4:20  Zealot x3  
  56  4:27  Probe x2  
  58  4:34  Zealot x3  
  64  4:40  Zealot x2  
  62  4:54  Probe x2  
  56  5:03  Stalker x2  
  56  5:06  Assimilator, Probe x2  
  52  5:07  Assimilator  
  52  5:08  Assimilator  
  52  5:11  Stalker, Shield Battery  
  54  5:19  Shield Battery  
  54  5:26  Probe x2  
  56  5:29  Stalker  
  56  5:38  Probe x2  
  56  5:40  Stalker  
  60  5:49  Stalker  
  62  5:51  Cybernetics Core  
  62  5:53  Stalker  
  62  5:54  Zealot x2  
  66  5:58  Stalker  
  66  6:01  Stalker  
  70  6:09  Pylon  
  70  6:14  Pylon  
  70  6:33  Twilight Council  
  70  6:42  Stalker x2  
  70  6:43  Stalker x2  
  70  6:44  Stalker, Probe x2  
  82  6:54  Sentry x2  
  82  7:00  Pylon  
  82  7:01  Pylon  
  86  7:08  Pylon  
  86  7:11  Blink (Chrono Boost)  
  86  7:18  Observer, Probe x2  
  89  7:24  Stalker  
  89  7:25  Stalker  
  89  7:26  Forge  
  93  7:38  Nexus  
  93  7:41  Sentry x2  
  93  7:44  Probe x2  
  99  7:52  Stalker x2  
  103  7:59  Probe x2  
  106  8:12  Probe  
  106  8:13  Shield Battery, Probe  
  106  8:15  Sentry, Photon Cannon  
  109  8:23  Pylon  
  109  8:25  Pylon  
  109  8:38  Stalker x5  
  82  8:45  Stalker  
  74  8:50  Stalker  
  70  8:57  Stalker  
  69  9:05  Stalker x2  
Show
View Real Time Build Order
Export as new Build Order

JinairRogue Zerg - Winner!

Build Orders: Hatch First 

Get SALT Encoding   

  12  0:00  Drone  
  13  0:12  Overlord  
  13  0:16  Drone  
  14  0:30  Drone x2  
  16  0:48  Hatchery  
  15  0:51  Drone  
  15  0:55  Drone  
  17  0:59  Drone  
  18  1:09  Extractor  
  17  1:15  Spawning Pool  
  17  1:18  Drone  
  17  1:22  Drone  
  18  1:27  Drone  
  19  1:39  Drone  
  20  1:49  Overlord  
  20  2:01  Queen x2  
  20  2:02  Zergling x4  
  26  2:10  Drone  
  26  2:11  Drone  
  28  2:22  Drone x2  
  30  2:32  Drone x2  
  32  2:42  Hatchery  
  31  2:46  Pneumatized Carapace  
  31  2:48  Queen  
  33  2:54  Overlord  
  33  2:55  Drone  
  33  2:58  Drone  
  35  2:59  Drone  
  36  3:12  Drone x5  
  41  3:17  Overlord  
  41  3:18  Drone  
  42  3:24  Queen  
  44  3:31  Roach Warren  
  43  3:34  Drone  
  43  3:41  Drone x3  
  47  3:45  Drone  
  47  3:46  Drone x2  
  47  3:48  Overlord  
  50  3:52  Extractor  
  49  3:56  Spine Crawler  
  49  3:57  Overlord  
  48  4:09  Spine Crawler  
  47  4:11  Roach x6  
  47  4:14  Roach  
  47  4:16  Roach  
  63  4:20  Roach  
  65  4:25  Roach  
  65  4:26  Spine Crawler  
  65  4:29  Roach  
  68  4:31  Overlord  
  68  4:33  Roach  
  68  4:38  Zergling x2, Roach  
  72  4:39  Zergling x2  
  74  4:47  Zergling x2  
  74  4:50  Roach  
  74  4:52  Roach  
  77  4:53  Roach  
  77  4:57  Drone  
  77  4:58  Drone x2  
  82  5:02  Overlord x2  
  82  5:07  Overlord  
  82  5:09  Extractor  
  82  5:12  Lair  
  81  5:17  Overlord  
  81  5:26  Drone x5  
  86  5:29  Ravager  
  86  5:31  Drone  
  86  5:32  Drone  
  88  5:39  Extractor  
  87  5:46  Metabolic Boost  
  87  5:47  Drone x3  
  87  5:49  Drone  
  89  5:51  Hatchery  
  89  5:54  Drone x3  
  89  5:55  Drone  
  90  6:03  Evolution Chamber  
  83  6:06  Roach x2  
  83  6:11  Roach x3  
  93  6:16  Roach x2  
  93  6:18  Glial Reconstitution  
  91  6:23  Roach x2  
  91  6:25  Roach  
  93  6:28  Roach  
  91  6:36  Roach  
  91  6:37  Roach  
  91  6:40  Overlord x2  
  91  6:41  Overlord  
  91  6:46  Overlord  
  91  6:52  Overlord x2  
  89  6:58  Zerg Missile Weapons Level 1  
  89  6:59  Overlord  
  89  7:02  Overseer  
  89  7:05  Drone x3  
  92  7:11  Roach  
  92  7:12  Roach x3  
  92  7:14  Zergling x2  
  92  7:15  Zergling x2  
  102  7:21  Ravager x4  
  102  7:22  Zergling x6  
  109  7:30  Zergling x2  
  109  7:31  Zergling x6, Extractor  
  109  7:36  Overseer  
  113  7:37  Zergling x4  
  113  7:42  Zergling x4  
  116  7:44  Overseer  
  116  7:47  Overlord  
  116  7:50  Ravager x3  
  121  7:51  Roach  
  121  7:52  Zergling x4  
  121  7:53  Zergling x2  
  121  7:54  Zergling x2  
  121  7:55  Zergling x2  
  126  8:00  Zergling x2  
  126  8:01  Zergling x6  
  126  8:03  Overlord  
  130  8:09  Overlord  
  130  8:12  Roach x2  
  133  8:17  Ravager x2  
  133  8:18  Ravager x2  
  137  8:24  Zergling x2  
  137  8:25  Zergling x10  
  143  8:29  Zergling x8  
  143  8:30  Zergling x2  
  143  8:32  Zergling x2  
  146  8:35  Zergling x2  
  146  8:36  Zergling x4  
  146  8:37  Zergling x2  
  146  8:39  Zergling x2  
  146  8:41  Zergling x2  
  144  8:43  Zergling x4  
  140  8:50  Roach  
Tags
 
Add a new tag
Caveats
  • Supply blocks, unpowered buildings, or Contaminate may cause inaccurate times.
  • Supply counts are checked every 10 seconds.